 Dungeon Crawl Stone Soup version 0.27-a0-1342-ga99462a43c (webtiles) character file.

Game seed: 5185003922029446828

30 Conn the Conjurer (level 3, 0/14 HPs)
             Began as a Felid Conjurer on June 27, 2021.
             Killed from afar by a dart slug (5 damage)
             ... with a slug dart
             ... on level 2 of the Dungeon.
             The game lasted 00:03:20 (1442 turns).

Conn the Conjurer (Felid Conjurer)                  Turns: 1442, Time: 00:03:21

Health: 0/14       AC:  1    Str:  3    XL:     3   Next: 3%
Magic:  5/7        EV: 17    Int: 20    God:
Gold:   58         SH:  0    Dex: 14    Spells: 3/6 levels left
                                        Lives:  0   Deaths: 0

rFire    . . .     SeeInvis +   (weapon unavailable)
rCold    . . .     Faith    .   (shield unavailable)
rNeg     . . .     Spirit   .   (armour unavailable)
rPois    .         Reflect  .   (helmet unavailable)
rElec    .         Harm     .   (cloak unavailable)
rCorr    .         Rampage  .   (gloves unavailable)
Will     .....                  (boots unavailable)
Stlth    ++........             (no amulet)
HPRegen  0.04/turn              (no ring)
MPRegen  0.10/turn              (no ring)

@: very slightly contaminated, quick
A: very small, claws 1, fangs 3, see invisible, speed 1, shaggy fur 1, stealthy
paws, no weapons or thrown items, no armour, multi-lived
a: no special abilities


You were on level 2 of the Dungeon.
You visited 1 branch of the dungeon, and saw 2 of its levels.

You collected 58 gold pieces.

Inventory:

Scrolls
 a - 2 scrolls of amnesia {unknown}
 c - 2 scrolls of teleportation {unknown}
Potions
 b - 2 potions of resistance {unknown}


   Skills:
 + Level 0.2 Fighting
 + Level 2.7 Dodging
 + Level 3.0 Stealth
 + Level 2.1 Spellcasting
 + Level 4.3 Conjurations


You had 3 spell levels left.
You knew the following spells:

 Your Spells              Type           Power      Damage    Failure   Level
a - Magic Dart            Conj           76%        1d6       2%          1
b - Searing Ray           Conj           38%        3d4       4%          2

Your spell library contained the following spells:

 Spells                   Type           Power      Damage    Failure   Level
 Dazzling Flash           Conj/Hex       20%        N/A       19%         3
 Fulminant Prism          Conj/Hex       5%         3d7       54%         4
 Iskenderun's Mystic Bla  Conj/Tloc      10%        2d4       54%         4


Dungeon Overview and Level Annotations

Branches:
Dungeon (2/15)

Altars:


Innate Abilities, Weirdness & Mutations

You have sharp claws.
You have razor-sharp teeth.
You have supernaturally acute eyesight. (SInv)
You cover ground quickly. (Speed+)
You are covered in fur. (AC +1)
Your paws help you pounce on unaware monsters.
You are incapable of wielding weapons or throwing items.
You cannot wear armour.
You gain extra lives every three experience levels.


Message History

You are confused.
There is a stone staircase leading up here.
In your confused state, you trip and fall back down the stairs.
You climb upwards.
There is a stone staircase leading down here.
You start resting.
You feel less confused.
You start resting.
HP restored.
You start resting.
Magic restored.
There is a stone staircase leading down here.
You climb downwards. 2 gnolls and a dart slug come into view.
The dart slug launches a dart at you. The slug dart hits you.
Found 2 brown potions.
There is a stone staircase leading up here.
Casting: Searing Ray (safe; 4% risk of failure)
Confirm with . or Enter, or press ? or * to list all spells.
Aiming: Magic Dart (safe; 2% risk of failure)
Press: ? - help, Shift-Dir - straight line, f - dart slug
Aim: a dart slug (100% to hit)
The magic dart hits the dart slug.
The dart slug is heavily wounded.
The gnoll shouts!
The dart slug launches a dart at you. The slug dart hits you.
Casting: Magic Dart (safe; 2% risk of failure)
Confirm with . or Enter, or press ? or * to list all spells.
Aiming: Magic Dart (safe; 2% risk of failure)
Press: ? - help, Shift-Dir - straight line, f/p - dart slug
Aim: a dart slug (heavily wounded, 100% to hit)
You miscast Magic Dart.
You are very lightly contaminated with residual magic.
Nothing appears to happen.
A gnoll comes into view. It is wielding a +0 spear.
The dart slug launches a dart at you. The slug dart hits you.
You die...

..........
###.........
.......!...
###..........
.....w......
.####..........
..............#
#......@......#
..............#
..............#
..............#
#.............#
..gg..........#
#.............#
#g............#


You could see 3 gnolls and a dart slug.

Vanquished Creatures
  2 orcs (D:2)
  An endoplasm (D:1)
  A giant cockroach (D:1)
  3 goblins (D:1)
  4 hobgoblins (D:1)
  2 jackals (D:1)
  2 ball pythons (D:1)
  4 bats (D:1)
  4 kobolds (D:1)
  A rat (D:1)
24 creatures vanquished.

Notes
Turn   | Place    | Note
-------+----------+-------------------------------------------
     0 | D:1      | Conn the Felid Conjurer began the quest for the Orb.
     0 | D:1      | Reached XP level 1. HP: 7/7 MP: 4/4
   366 | D:1      | Reached skill level 4 in Conjurations
   371 | D:1      | Reached XP level 2. HP: 11/11 MP: 1/6
   380 | D:1      | Learned a level 2 spell: Searing Ray
  1338 | D:2      | Reached XP level 3. HP: 14/14 MP: 2/7
  1442 | D:2      | Killed from afar by a dart slug

Illustrated notes

Levels and vault maps discovered:
D:1:      dpeg_arrival_solitude, layout_basic
D:2:      layout_basic, ebering_ecumenical_altar_hall

Skill      XL: |  1  2 |
---------------+-------+-----
Conjurations   | 4 |  4.3
Stealth        | 3 |  3.0
Fighting       | |  0.2
Dodging        | |  2.7
Spellcasting   | |  2.1

Action                   || total
-------------------------++-------
Melee: Unarmed           ||    12
       Bite              ||     1
 Cast: Magic Dart        ||    45
       Searing Ray       ||     1
  Use: Potion            ||     1
Armor: Skin              ||     5
Dodge: Dodged            ||    18

Table legend: (Time is in decaauts)
 A = Elapsed time spent in this place.
 B = Non-inter-level travel time spent in this place.
 C = Inter-level travel time spent in this place.
 D = Time resting spent in this place.
 E = Time spent auto-exploring this place.
 F = Levels seen in this place.
 G = Mean time per level.
                   A        B        C        D        E       F      G
               +--------+--------+--------+--------+--------+-----+--------+
         Total |   1289 |   1275 |     14 |    389 |    584 |   2 |  644.5 |
       Dungeon |   1289 |   1275 |     14 |    389 |    584 |   2 |  644.5 |
               +--------+--------+--------+--------+--------+-----+--------+

Top non-repeatable levels by time:
     D:1: 1269 daAuts
     D:2: 19 daAuts
